 Dungeon Crawl Stone Soup version 0.29-a0-409-gd843f3a48c (webtiles) character file.

Game seed: 10529053973507728827

164 croobank the Covert (level 5, -1/47 HPs)
             Began as a Gnoll Delver on May 14, 2022.
             Slain by an orc priest
             ... wielding a +0 morningstar of protection
              (12 damage)
             ... on level 4 of the Dungeon.
             The game lasted 00:04:52 (1048 turns).

croobank the Covert (Gnoll Delver)                  Turns: 1048, Time: 00:04:56

Health: -1/47      AC:  4    Str: 11    XL:     5   Next: 45%
Magic:  7/7        EV: 10    Int: 11    God:
Gold:   0          SH:  0    Dex: 14    Spells: 7/7 levels left

rFire   . . .      SeeInvis .   h - +2 dagger (venom)
rCold   . . .      Faith    .   (no shield)
rNeg    . . .      Spirit   .   b - +1 leather armour
rPois   .          Reflect  .   (no helmet)
rElec   .          Harm     .   (no cloak)
rCorr   .          Rampage  .   (no gloves)
Will    .....                   (no boots)
Stlth   ++++......              (no amulet)
HPRegen 0.15/turn               (no ring)
MPRegen 0.10/turn               (no ring)

@: constricted
A: fangs 1, strong nose, distributed training
a: no special abilities


You were on level 4 of the Dungeon.
You visited 1 branch of the dungeon, and saw 2 of its levels.

Inventory:

Hand Weapons
 a - a +0 hand axe
 h - a +2 dagger of venom (weapon)
 i - a +0 trident
 j - a +2 dagger of holy wrath
Missiles
 m - 23 stones (quivered)
Armour
 b - a +1 leather armour (worn)
 l - a +0 ring mail
Wands
 g - a wand of digging (3)
Scrolls
 c - a scroll of fog
 e - a scroll of fear
 o - 2 scrolls of identify
Potions
 f - a potion of haste
 k - 3 potions of ambrosia
 n - a potion of curing


   Skills:
 + Level 6.7 Fighting
 + Level 1.5 Short Blades
 + Level 1.5 Long Blades
 + Level 4.8 Axes
 + Level 1.5 Maces & Flails
 + Level 1.5 Polearms
 + Level 1.5 Staves
 + Level 1.5 Slings
 + Level 1.5 Bows
 + Level 1.5 Crossbows
 + Level 1.5 Throwing
 + Level 1.5 Armour
 + Level 4.8 Dodging
 + Level 9.7 Stealth
 + Level 1.5 Shields
 + Level 1.5 Unarmed Combat
 + Level 1.5 Spellcasting
 + Level 1.2 Conjurations
 + Level 1.2 Hexes
 + Level 1.2 Summonings
 + Level 1.2 Necromancy
 + Level 1.2 Translocations
 + Level 1.2 Transmutations
 + Level 1.2 Fire Magic
 + Level 1.2 Ice Magic
 + Level 1.2 Air Magic
 + Level 1.2 Earth Magic
 + Level 1.2 Poison Magic
 + Level 1.7 Invocations
 + Level 1.5 Evocations


You had 7 spell levels left.
You didn't know any spells.
Your spell library was empty.

Dungeon Overview and Level Annotations

Branches:
Dungeon (5/15)             Temple (0/1) D:4

Altars:


Innate Abilities, Weirdness & Mutations

You have very sharp teeth.
Your uncanny sense of smell can sniff out nearby items.
Your experience applies equally to all skills.


Message History

You hit the orc but do no damage.
The orc is heavily wounded.
The orc barely misses you.
You completely miss the orc.
The orc is heavily wounded.
The orc hits you with a +0 flail.
The orc priest looks encouraged for a moment.
The orc barely misses you.
The orc priest calls down the wrath of Beogh upon you.
Pain shoots through your body! The orc hits you but does no damage.
You hit the orc.
The orc is poisoned.
You punch the orc.
You kill the orc!
The orc closely misses you.
You hit the orc priest.
The orc priest is poisoned.
You bite the orc priest, but do no damage.
The orc priest is lightly wounded.
You kill the orc!
The orc priest mumbles some strange prayers to Beogh against you.
Pain shoots through your body!
You hit the orc priest but do no damage.
The orc priest looks as sick as possible!
The orc priest is lightly wounded.
The orc priest hits you with a +0 morningstar of protection.
* * * LOW HITPOINT WARNING * * *
You hit the orc priest.
The orc priest looks as sick as possible!
The orc priest is moderately wounded.
The ball python bites you.
* * * LOW HITPOINT WARNING * * *
The ball python grabs you. The ball python constricts you.
The orc priest looks encouraged for a moment.
The orc priest barely misses you.
You hit the orc priest but do no damage.
The orc priest looks as sick as possible!
The orc priest is heavily wounded.
The ball python bites you but does no damage.
The ball python constricts you.
* * * LOW HITPOINT WARNING * * *
The orc priest hits you with a +0 morningstar of protection!
You die...

####### ***** #.....#
**,,,**#.....##########
**8,>,8*#)@...†........#
*,,,,,,,#oS.........)..#***
*,<.8S..'o.)............,,,
*,......#####..>........,,,
**8.<.8#* #...........***
*#...#* #...........* ####*
#...........* #...........*
###########.*


You could see 2 orc priests and a ball python.

Vanquished Creatures
  A scorpion (D:5)
  A howler monkey (D:5)
  An orc priest (D:5)
  An iguana (D:5)
  4 orcs
  2 hobgoblins (D:4)
10 creatures vanquished.

Notes
Turn   | Place    | Note
-------+----------+-------------------------------------------
     0 | D:5      | Reached skill level 9 in Stealth
     0 | D:5      | croobank the Gnoll Delver began the quest for the Orb.
     0 | D:5      | Reached XP level 1. HP: 23/23 MP: 1/1
    17 | D:5      | Noticed an orc wizard
    78 | D:5      | Noticed a howler monkey
    88 | D:5      | Noticed an orc priest
   104 | D:5      | Killed a howler monkey
   105 | D:5      | Reached skill level 1 in Invocations
   105 | D:5      | Reached XP level 2. HP: 28/29 MP: 1/3
   105 | D:5      | Reached XP level 3. HP: 33/35 MP: 1/4
   115 | D:5      | Noticed an ice beast
   191 | D:5      | Reached skill level 1 in Short Blades
   191 | D:5      | Reached skill level 1 in Long Blades
   191 | D:5      | Reached skill level 1 in Maces & Flails
   191 | D:5      | Reached skill level 1 in Polearms
   191 | D:5      | Reached skill level 1 in Staves
   191 | D:5      | Reached skill level 1 in Slings
   191 | D:5      | Reached skill level 1 in Bows
   191 | D:5      | Reached skill level 1 in Crossbows
   191 | D:5      | Reached skill level 1 in Throwing
   191 | D:5      | Reached skill level 1 in Armour
   191 | D:5      | Reached skill level 1 in Shields
   191 | D:5      | Reached skill level 1 in Unarmed Combat
   191 | D:5      | Reached skill level 1 in Spellcasting
   191 | D:5      | Reached skill level 1 in Evocations
   191 | D:5      | Reached XP level 4. HP: 5/41 MP: 5/5
   504 | D:5      | Noticed a scorpion
   511 | D:5      | Killed a scorpion
   512 | D:5      | Reached skill level 1 in Conjurations
   512 | D:5      | Reached skill level 1 in Hexes
   512 | D:5      | Reached skill level 1 in Summonings
   512 | D:5      | Reached skill level 1 in Necromancy
   512 | D:5      | Reached skill level 1 in Translocations
   512 | D:5      | Reached skill level 1 in Transmutations
   512 | D:5      | Reached skill level 1 in Fire Magic
   512 | D:5      | Reached skill level 1 in Ice Magic
   512 | D:5      | Reached skill level 1 in Air Magic
   512 | D:5      | Reached skill level 1 in Earth Magic
   512 | D:5      | Reached skill level 1 in Poison Magic
   512 | D:5      | Reached XP level 5. HP: 30/47 MP: 5/7
  1048 | D:4      | Slain by an orc priest

Illustrated notes

Levels and vault maps discovered:
D:4:      layout_basic, minmay_temple_entry_grid, portal_sewer_entry_e,
          serial_shops, shop_scrolls, chequers_serial_rivers_large_b,
          grunt_ministairs_7
D:5:      layout_basic, abandoned_shop

Skill      XL: |  1  2  3  4 |
---------------+-------------+-----
Stealth        | |  9.7
Invocations    | 1 |  1.7
Short Blades   | 1 |  1.5
Long Blades    | 1 |  1.5
Maces & Flails | 1 |  1.5
Polearms       | 1 |  1.5
Staves         | 1 |  1.5
Slings         | 1 |  1.5
Bows           | 1 |  1.5
Crossbows      | 1 |  1.5
Throwing       | 1 |  1.5
Armour         | 1 |  1.5
Shields        | 1 |  1.5
Unarmed Combat | 1 |  1.5
Spellcasting   | 1 |  1.5
Evocations     | 1 |  1.5
Conjurations   | 1 |  1.2
Hexes          | 1 |  1.2
Summonings     | 1 |  1.2
Necromancy     | 1 |  1.2
Translocations | 1 |  1.2
Transmutations | 1 |  1.2
Fire Magic     | 1 |  1.2
Ice Magic      | 1 |  1.2
Air Magic      | 1 |  1.2
Earth Magic    | 1 |  1.2
Poison Magic   | 1 |  1.2
Fighting       | |  6.7
Axes           | |  4.8
Dodging        | |  4.8

Action                   |  1- 3 |  4- 6 || total
-------------------------+-------+-------++-------
Melee: Dagger            |    15 |    23 ||    38
       Bite              |     4 |     2 ||     6
       Punch             |     1 |     1 ||     2
  Use: Scroll            |     3 |     2 ||     5
 Stab: Sleeping          |       |     1 ||     1
Armor: Leather armour    |     2 |     4 ||     6
Dodge: Dodged            |    11 |    10 ||    21

Table legend: (Time is in decaauts)
 A = Elapsed time spent in this place.
 B = Non-inter-level travel time spent in this place.
 C = Inter-level travel time spent in this place.
 D = Time resting spent in this place.
 E = Time spent auto-exploring this place.
 F = Levels seen in this place.
 G = Mean time per level.
                   A        B        C        D        E       F      G
               +--------+--------+--------+--------+--------+-----+--------+
         Total |   1045 |   1045 |      0 |    642 |     21 |   2 |  522.5 |
       Dungeon |   1045 |   1045 |      0 |    642 |     21 |   2 |  522.5 |
               +--------+--------+--------+--------+--------+-----+--------+

Top non-repeatable levels by time:
     D:5: 1016 daAuts
     D:4: 29 daAuts
